 Dungeon Crawl Stone Soup version 0.27-a0-998-g4cfe56dd59 (webtiles) character file.

Game seed: 13542076109896120102

95 voltaire321 the Sneak (level 4, -7/28 HPs)
             Began as an Octopode Hedge Wizard on Apr 16, 2021.
             Killed from afar by Natasha (11 damage)
             ... with a puff of flame
             ... on level 3 of the Dungeon.
             The game lasted 00:10:24 (2902 turns).

voltaire321 the Sneak (Octopode Hedge Wizard)       Turns: 2902, Time: 00:10:25

Health: -7/28      AC:  1    Str:  9    XL:     4   Next: 65%
Magic:  16/17      EV: 13    Int: 17    God:
Gold:   115        SH:  0    Dex: 11    Spells: 4/9 levels left

rFire    . . .     SeeInvis .   g - +1 dagger (vamp)
rCold    . . .     Faith    .   (no shield)
rNeg     . . .     Spirit   .   b - +0 hat
rPois    .         Reflect  .   (no amulet)
rElec    .         Harm     .   h - ring of magical power
rCorr    .         Rampage  .   (no ring)
Will     .....                  (no ring)
Stlth    +++.......             (no ring)
HPRegen  0.09/turn              (no ring)
MPRegen  0.15/turn              (no ring)
                                (no ring)
                                (no ring)

@: no status effects
A: almost no armour, amphibious, 8 rings, camouflage 1, gelatinous body 1,
(nimble swimmer 1), tentacles
a: no special abilities


You were on level 3 of the Dungeon.
You visited 1 branch of the dungeon, and saw 3 of its levels.

You collected 115 gold pieces.

Inventory:

Hand Weapons
 g - a +1 vampiric dagger (weapon)
 o - a +0 rapier
Armour
 b - a +0 hat (worn)
Jewellery
 h - a ring of magical power (left tentacle)
Scrolls
 a - a scroll of fear {unknown}
 c - 2 scrolls of amnesia {unknown}
 i - a scroll of blinking {unknown}
 k - 2 scrolls of magic mapping {unknown}
Potions
 d - 2 potions of resistance {unknown}
 e - a potion of cancellation {unknown}
 f - a potion of degeneration {unknown}
 j - a potion of mutation {unknown}
 l - a potion of curing {unknown}
 m - a potion of haste {unknown}
 n - a potion of lignification {unknown}


   Skills:
 + Level 1.2 Fighting
 + Level 2.4 Dodging
 + Level 3.4 Stealth
 + Level 3.3 Spellcasting
 + Level 1.9 Conjurations
 + Level 1.7 Summonings
 + Level 1.7 Translocations


You had 4 spell levels left.
You knew the following spells:

 Your Spells              Type           Power      Damage    Failure   Level
a - Magic Dart            Conj           36%        1d4       8%          1
b - Call Imp              Summ           8%         N/A       13%         2
c - Blink                 Tloc           N/A        N/A       12%         2

Your spell library contained the following spells:

 Spells                   Type           Power      Damage    Failure   Level
 Apportation              Tloc           16%        N/A       9%          1
 Summon Small Mammal      Summ           32%        N/A       9%          1
 Animate Skeleton         Necr           4%         N/A       17%         1
 Corona                   Hex            2%         N/A       17%         1
 Slow                     Hex            2%         N/A       26%         2
 Sublimation of Blood     Necr           1%         N/A       26%         2
 Conjure Flame            Conj/Fire      6%         6-21      34%         3
 Mephitic Cloud           Conj/Pois/Air  5%         N/A       36%         3
 Ignite Poison            Fire/Tmut/Pois 2%         N/A       45%         3
 Petrify                  Tmut/Erth      2%         N/A       86%         4
 Irradiate                Conj/Tmut      3%         3d15      97%         5
 Alistair's Intoxication  Tmut/Pois      1%         N/A       99%         5
 Eringya's Noxious Bog    Tmut/Pois      1%         N/A       100%        6


Dungeon Overview and Level Annotations

Branches:
Dungeon (3/15)

Altars:
Qazlal
Wu Jian
Zin

Annotations:
D:3 Grinder, Natasha, Sigmund


Innate Abilities, Weirdness & Mutations

You cannot wear most types of armour.
You are amphibious.
You can wear up to eight rings at the same time.
Your skin changes colour to match your surroundings (Stealth+).
Your rubbery body absorbs attacks. (AC +1, EV +1)
((You are camouflaged near water. (Stealth+)))
You have tentacles for arms and can constrict up to eight enemies at once.


Message History

The ball python is severely wounded.
You constrict the ball python.
You kill the ball python!
You see here a ball python corpse.
A rat comes into view.
The helpless rat fails to defend itself.
You puncture the rat!
You kill the rat!
Found an ornate altar of the Wu Jian Council.
You now have 115 gold pieces (gained 7).
Found 7 gold pieces.
Found a stormy altar of Qazlal.
Natasha, Servant of Life and Death comes into view.
She is carrying a wand of flame (13).
Found a hand axe.
Casting: Magic Dart (safe; 8% risk of failure)
Confirm with . or Enter, or press ? or * to list all spells.
Aiming: Magic Dart (safe; 8% risk of failure)
Press: ? - help, Shift-Dir - straight line, f - Natasha
Aim: Natasha, carrying a wand of flame (13) (wandering, hasn't noticed you, 100% to hit)
You miscast Magic Dart.
You are very lightly contaminated with residual magic.
Nothing appears to happen.
Natasha hisses angrily.
Natasha zaps a wand.
The puff of flame hits you!
Natasha zaps a wand.
The puff of flame hits you!
Your magical contamination has completely faded away.
Casting: Magic Dart (safe; 8% risk of failure)
Confirm with . or Enter, or press ? or * to list all spells.
Aiming: Magic Dart (safe; 8% risk of failure)
Press: ? - help, Shift-Dir - straight line, f/p - Natasha
Aim: Natasha, carrying a wand of flame (11) (wandering, hasn't noticed you, 100% to hit)
The magic dart hits Natasha.
Natasha is lightly wounded.
Natasha hisses angrily.
Natasha wildly gestures.
You feel troubled.
Natasha zaps a wand.
The puff of flame hits you!
* * * LOW HITPOINT WARNING * * *
Natasha zaps a wand.
The puff of flame hits you!
You die...

#.###### #h# ####
#.# ...###.#
##...##.#
.....#.#
#########...#.#
#...#...##..#.#
###.##.##.##..#@#
#_.##.##.##.....#
####.##.##.#....#
#..###..##.†.##
#### ######.##
####.####.# #.#
..........####.#
####...........#
#############


You could see Natasha.

Vanquished Creatures
  Natasha (D:3)
  2 adders (D:2)
  A dart slug (D:1)
  An orc (D:3)
  4 bats
  5 endoplasms
  2 giant cockroaches (D:2)
  4 goblins
  A hobgoblin (D:1)
  4 jackals (D:1)
  3 kobolds
  7 ball pythons
  3 frilled lizards (D:1)
  4 rats
42 creatures vanquished.

Vanquished Creatures (collateral kills)
  2 ball pythons
  2 hobgoblins (D:1)
  2 jackals (D:1)
  A kobold (D:2)
7 creatures vanquished.

Grand Total: 49 creatures vanquished

Notes
Turn   | Place    | Note
-------+----------+-------------------------------------------
     0 | D:1      | voltaire321 the Octopode Hedge Wizard began the quest for
                  | the Orb.
     0 | D:1      | Reached XP level 1. HP: 11/11 MP: 4/4
   369 | D:1      | Reached XP level 2. HP: 8/18 MP: 1/6
   581 | D:1      | Learned a level 2 spell: Call Imp
   883 | D:1      | Found a faded altar of an unknown god.
  1208 | D:1      | Reached XP level 3. HP: 22/22 MP: 2/7
  1427 | D:1      | Learned a level 2 spell: Blink
  2021 | D:2      | Reached skill level 1 in Fighting
  2139 | D:2      | Reached XP level 4. HP: 28/28 MP: 8/8
  2422 | D:3      | Noticed Grinder
  2457 | D:3      | Noticed Sigmund
  2629 | D:3      | Noticed a scorpion
  2734 | D:3      | Found a glowing silver altar of Zin.
  2765 | D:3      | Noticed Natasha
  2769 | D:3      | Killed Natasha
  2845 | D:3      | Found an ornate altar of the Wu Jian Council.
  2882 | D:3      | Found a stormy altar of Qazlal.
  2884 | D:3      | Noticed Natasha
  2902 | D:3      | Killed from afar by Natasha

Illustrated notes

Levels and vault maps discovered:
D:1:      dpeg_arrival_connections, layout_loops_ring,
          shapermc_ecumenical_altar_gd, minmay_misc_feat_plants
D:2:      layout_rooms, corner_web_ring
D:3:      layout_loops_ring, nicolae_qazlal_scattered_showers,
          marbit_many_paths, grunt_temple_overflow_open, zin_treasury,
          uniq_grinder, uniq_terence, uniq_jessica, uniq_natasha, uniq_sigmund

Skill      XL: |  1  2  3 |
---------------+----------+-----
Stealth        | 3 |  3.4
Fighting       | 1 |  1.2
Dodging        | |  2.4
Spellcasting   | |  3.3
Conjurations   | |  1.9
Summonings     | |  1.7
Translocations | |  1.7

Action                   |  1- 3 |  4- 6 || total
-------------------------+-------+-------++-------
Melee: Dagger            |    46 |    16 ||    62
       Constrict         |     6 |     5 ||    11
       Tentacles         |     5 |     3 ||     8
 Cast: Magic Dart        |    46 |     9 ||    55
       Call Imp          |     6 |       ||     6
 Stab: Sleeping          |     3 |     3 ||     6
Armor: Skin              |     2 |     1 ||     3
Dodge: Dodged            |    42 |    10 ||    52

Table legend: (Time is in decaauts)
 A = Elapsed time spent in this place.
 B = Non-inter-level travel time spent in this place.
 C = Inter-level travel time spent in this place.
 D = Time resting spent in this place.
 E = Time spent auto-exploring this place.
 F = Levels seen in this place.
 G = Mean time per level.
                   A        B        C        D        E       F      G
               +--------+--------+--------+--------+--------+-----+--------+
         Total |   2902 |   2847 |     55 |    972 |   1049 |   3 |  967.3 |
       Dungeon |   2902 |   2847 |     55 |    972 |   1049 |   3 |  967.3 |
               +--------+--------+--------+--------+--------+-----+--------+

Top non-repeatable levels by time:
     D:1: 1631 daAuts
     D:2: 868 daAuts
     D:3: 402 daAuts
